 Dungeon Crawl Stone Soup version 0.31-a0-865-g3d5d91748a (webtiles) character file.

Game seed: 14830869686200691653

126 tabstorm the Poker (level 5, -8/38 HPs)
             Began as a Merfolk Gladiator on Oct 11, 2023.
             Killed by nerve-wracking pain
             ... invoked by an orc priest
              (13 damage)
             ... on level 3 of the Dungeon.
             The game lasted 00:04:27 (1503 turns).

tabstorm the Poker (Merfolk Gladiator)              Turns: 1503, Time: 00:04:28

Health: -8/38      AC: 10    Str: 17    XL:     5   Next: 10%
Magic:  5/5        EV: 11    Int:  7    God:
Gold:   120        SH:  0    Dex: 15    Spells: 4/4 levels left

rFire   . . .        a - +0 trident
rCold   . . .        (no shield)
rNeg    . . .        r - +0 scale mail
rPois   .            g - +1 helmet
rElec   .            f - +0 cloak
rCorr   .            h - +0 pair of gloves
SInv    .            (no boots)
Will    .....        (no amulet) Stlth
                     (no ring)
HPRegen 0.26/turn    (no ring)
MPRegen 0.09/turn

%: no passive effects
@: no status effects
A: (nimble swimmer 2), mertail
a: no special abilities


You were on level 3 of the Dungeon.
You visited 1 branch of the dungeon, and saw 3 of its levels.

You collected 120 gold pieces.

Inventory:

Hand Weapons
 a - a +0 trident (weapon)
Missiles
 d - 5 throwing nets
 e - a javelin
 o - 22 stones (quivered)
Armour
 b - a +0 leather armour
 c - a +0 helmet
 f - a +0 cloak (worn)
 g - a +1 helmet (worn)
 h - a +0 pair of gloves (worn)
 n - a +0 ring mail
 r - a +0 scale mail (worn)
 t - a +3 chain mail
Jewellery
 q - a ring of ice
Talismans
 p - a maw talisman
Scrolls
 i - a scroll of butterflies {unknown}
 j - a scroll of blinking {unknown}
 s - a scroll of poison {unknown}
 u - a scroll of immolation {unknown}
 v - a scroll of fear {unknown}
 w - a scroll of noise {unknown}
Potions
 k - a potion of might
 l - a potion of lignification {unknown}
 m - a potion of haste


   Skills:
 - Level 2.1 Fighting
 * Level 7.4 Polearms
 - Level 2.0 Throwing
 - Level 4.0 Dodging


You had 4 spell levels left.
You didn't know any spells.
Your spell library contained the following spells:

 Spells                   Type           Power      Damage    Failure   Level
 Call Imp                 Summ           0%         N/A       95%         2
 Anguish                  Hex/Necr       0%         N/A       100%        4


Dungeon Overview and Level Annotations

Branches:
Dungeon (3/15)

Altars:


Innate Abilities, Weirdness & Mutations

((You are very nimble when in or above water. (Stealth+, EV+, Speed+++)))
Your lower body shifts to a powerful aquatic tail in water.


Message History

The orc priest mumbles some strange prayers to Beogh against you.
Pain shoots through your body!
* * * LOW HITPOINT WARNING * * *
The orc closely misses you. The orc hits you but does no damage.
Unknown command.
You barely miss the orc priest.
The orc priest is severely wounded.
The orc priest hits you but does no damage.
The orc closely misses you. The orc hits you but does no damage.
Unknown command.
You hit the orc priest.
The orc priest is almost dead.
The orc priest hits you but does no damage.
The orc hits you but does no damage. The orc hits you with a +0 dagger.
* * * LOW HITPOINT WARNING * * *
Unknown command.
You hit the orc priest but do no damage.
The orc priest is almost dead.
The orc priest hits you but does no damage.
The orc hits you with a +0 hand axe.
* * * LOW HITPOINT WARNING * * *
The orc hits you but does no damage.
Unknown command.
Okay, then.
You closely miss the orc priest.
The orc priest is almost dead.
The orc priest misses you. The orc hits you but does no damage.
The orc closely misses you.
Unknown command.
You hit the orc priest but do no damage.
The orc priest is almost dead.
The orc priest casts a cantrip, but nothing happens.
The orc hits you but does no damage.
Unknown command.
You hit the orc priest but do no damage.
The orc priest is almost dead.
The orc hits you but does no damage.
The orc priest invokes the aid of Beogh against you.
Pain shoots through your body!
You die...

#...#....## #.......#
#...#.....####.......#
#...#..........<.....#
#...#...#.####.......#
#...'................# .#
#...#...#.###..####### .#
#..†+..o...o...# .#
#...#.oo####.#.# .# #...#.o@#
#...# .# #...#...# ##..# ...
#...#...######.S.# +###
#...#........#)#oo..
....#........#.#.o.... .
#........#.# ....o
#........#.#......
##############............>....
.......................## ....


You could see 2 orc priests and 2 orcs.

Vanquished Creatures
  6 adders
  A dart slug (D:2)
  5 orcs
  4 bats
  5 endoplasms
  3 giant cockroaches (D:2)
  6 goblins
  5 hobgoblins
  6 jackals
  2 quokkas (D:1)
  8 ball pythons
  2 frilled lizards (D:1)
  3 kobolds
  9 rats
65 creatures vanquished.

Notes
Turn   | Place    | Note
-------+----------+-------------------------------------------
     0 | D:1      | tabstorm the Merfolk Gladiator began the quest for the Orb.
     0 | D:1      | Reached XP level 1. HP: 16/16 MP: 1/1
     5 | D:1      | Got a gaudy book
   147 | D:1      | Reached XP level 2. HP: 22/22 MP: 2/2
   230 | D:1      | Reached skill level 5 in Polearms
   551 | D:2      | Reached XP level 3. HP: 27/27 MP: 3/3
   633 | D:2      | Reached skill level 6 in Polearms
   669 | D:2      | Reached XP level 4. HP: 33/33 MP: 4/4
  1181 | D:3      | Reached skill level 7 in Polearms
  1428 | D:3      | Reached XP level 5. HP: 38/38 MP: 5/5
  1503 | D:3      | Killed from afar by an orc priest

Illustrated notes

Levels and vault maps discovered:
D:1:      minmay_arrival_wavy_path, layout_basic
D:2:      layout_rooms, minmay_fractal_squares_gapless_5
D:3:      layout_basic

Skill      XL: |  1  2  3  4 |
---------------+-------------+-----
Polearms       | 5 6 7 |  7.4
Fighting       | |  2.1
Throwing       | |  2.0
Dodging        | |  4.0

Action                     |  1- 3 |  4- 6 || total
---------------------------+-------+-------++-------
  Melee: Trident           |    93 |    96 ||   189
         Punch             |       |     1 ||     1
    Use: Scroll            |       |     3 ||     3
   Stab: Sleeping          |     2 |     1 ||     3
 Armour: Leather armour    |    40 |    12 ||    52
         Scale mail        |       |    30 ||    30
  Dodge: Dodged            |    55 |    50 ||   105

Table legend: (Time is in decaauts)
 A = Elapsed time spent in this place.
 B = Non-inter-level travel time spent in this place.
 C = Inter-level travel time spent in this place.
 D = Time resting spent in this place.
 E = Time spent auto-exploring this place.
 F = Levels seen in this place.
 G = Mean time per level.
                   A        B        C        D        E       F      G
               +--------+--------+--------+--------+--------+-----+--------+
         Total |   1501 |   1471 |     30 |     38 |    938 |   3 |  500.3 |
       Dungeon |   1501 |   1471 |     30 |     38 |    938 |   3 |  500.3 |
               +--------+--------+--------+--------+--------+-----+--------+

Top non-repeatable levels by time:
     D:2: 600 daAuts
     D:1: 542 daAuts
     D:3: 358 daAuts
